Map: [ESL] Inside and Out

Players

夜蝶蝶蝶蝶蝶蝶蝶 (Firefly) - Winner!

  • Race: Protoss Protoss

iGCoffeeMs (Coffee)

  • Race: Terran Terran
  • League: Master

Event: DreamHack SC2 Masters 2022 Atlanta (Online)

VOD

Have the link to the VOD?

Description

Time

  • Played on: Oct. 8, 2022, 7:42 a.m.
  • Length: 18:19

All games in this series

Show
View Real Time Build Order
Export as new Build Order

夜蝶蝶蝶蝶蝶蝶蝶 Protoss - Winner!

Build Orders: 1 Gate Expand, Blink Stalkers 

Get SALT Encoding   

  12  0:00  Probe  
  13  0:12  Probe  
  14  0:17  Pylon  
  14  0:25  Probe  
  15  0:36  Gateway  
  15  0:38  Probe (Chrono Boost)  
  16  0:47  Probe (Chrono Boost)  
  16  0:49  Assimilator  
  17  0:52  Probe (Chrono Boost)  
  19  1:04  Probe  
  19  1:16  Probe  
  20  1:25  Cybernetics Core  
  20  1:33  Nexus  
  20  1:40  Pylon  
  20  1:42  Probe  
  21  1:48  Assimilator  
  21  1:54  Probe  
  21  1:58  Stalker (Chrono Boost)  
  24  2:11  Shield Battery  
  24  2:12  Probe  
  24  2:22  Stalker (Chrono Boost)  
  24  2:25  Probe  
  27  2:32  Warp Gate  
  27  2:37  Probe  
  27  2:42  Stalker (Chrono Boost)  
  28  2:48  Shield Battery  
  28  2:50  Probe  
  31  2:59  Probe  
  31  3:02  Probe  
  33  3:07  Twilight Council  
  33  3:16  Probe  
  34  3:22  Probe  
  35  3:28  Probe  
  35  3:31  Blink (Chrono Boost)  
  35  3:33  Gateway  
  36  3:34  Probe  
  36  3:38  Robotics Facility  
  36  3:41  Probe  
  38  3:49  Probe  
  38  3:53  Probe  
  40  4:00  Forge  
  40  4:01  Probe  
  41  4:05  Probe  
  41  4:09  Pylon  
  42  4:13  Probe  
  43  4:17  Probe  
  43  4:20  Stalker, Pylon  
  46  4:27  Probe  
  44  4:39  Stalker  
  44  4:41  Probe  
  43  4:45  Probe  
  43  4:47  Stalker  
  43  4:49  Protoss Ground Weapons Level 1 (Chrono Boost)  
  45  4:53  Probe  
  45  4:58  Observer  
  45  4:59  Probe  
  48  5:05  Probe  
  49  5:12  Probe  
  50  5:18  Charge  
  50  5:19  Stalker  
  52  5:24  Probe  
  53  5:29  Probe  
  53  5:33  Gateway x2  
  50  5:37  Probe  
  50  5:38  Stalker  
  50  5:41  Probe  
  52  5:50  Nexus, Probe  
  52  5:53  Probe  
  54  5:58  Observer  
  54  6:03  Gateway  
  54  6:04  Gateway  
  54  6:05  Probe  
  54  6:06  Probe  
  54  6:09  Assimilator  
  56  6:19  Gateway  
  56  6:25  Probe x2  
  58  6:28  Gateway  
  58  6:29  Sentry x2  
  58  6:30  Pylon  
  62  6:39  Protoss Ground Armor Level 1 (Chrono Boost)  
  60  6:40  Probe x2  
  60  6:46  Pylon  
  62  6:53  Warp Prism (Chrono Boost), Probe  
  63  6:58  Sentry, Stalker, Pylon  
  68  7:02  Stalker  
  68  7:07  Zealot x2  
  74  7:11  Zealot  
  74  7:15  Zealot  
  78  7:21  Observer (Chrono Boost)  
  79  7:28  Stalker x3  
  79  7:29  Zealot  
  87  7:34  Zealot x2  
  91  7:42  Zealot  
  91  7:55  Zealot x3  
  91  7:56  Zealot x2  
  101  8:07  Pylon  
  101  8:08  Probe x2  
  101  8:10  Pylon  
  101  8:13  Robotics Bay  
  101  8:25  Probe x3 (Chrono Boost)  
  104  8:30  Forge  
  104  8:32  Robotics Facility  
  104  8:33  Assimilator  
  104  8:35  Assimilator  
  104  8:37  Probe x2 (Chrono Boost)  
  104  8:38  Probe (Chrono Boost)  
  107  8:42  Probe (Chrono Boost)  
  107  8:45  Pylon  
  108  8:53  Probe x2  
  110  8:56  Nexus, Probe  
  110  8:57  Extended Thermal Lance (Chrono Boost)  
  110  9:02  Protoss Ground Weapons Level 2  
  111  9:05  Protoss Ground Armor Level 2  
  111  9:12  Colossus (Chrono Boost)  
  117  9:29  Colossus (Chrono Boost)  
  111  9:43  Zealot  
  111  9:44  Zealot x7  
  123  9:45  Shield Battery  
  121  10:11  Colossus (Chrono Boost)  
  121  10:13  Colossus (Chrono Boost)  
  107  10:24  Zealot x5  
  112  10:34  Zealot x2  
  114  10:40  Zealot  
  116  10:48  Pylon x2  
  115  11:01  Zealot x2  
  116  11:07  Zealot x2, Pylon  
  116  11:08  Zealot x4  
  124  11:12  Shield Battery  
  114  11:27  Zealot x2  
  114  11:28  Zealot x6  
  82  11:49  Stalker x7  
  82  11:50  Sentry  
  86  12:11  Phoenix  
  86  12:20  Warp Prism (Chrono Boost)  
  86  12:22  Protoss Ground Armor Level 3 (Chrono Boost)  
  86  12:27  Nexus  
  86  12:28  Probe, Pylon  
  86  12:29  Probe x2  
  91  12:32  Protoss Ground Weapons Level 3 (Chrono Boost)  
  91  12:44  Robotics Bay, Immortal (Chrono Boost)  
  95  12:45  Probe  
  95  12:48  Probe  
  95  12:49  Probe  
  96  12:54  Zealot x3  
  100  13:02  Zealot, Probe  
  100  13:04  Probe x2  
  105  13:08  Immortal (Chrono Boost)  
  109  13:14  Shield Battery  
  109  13:31  Zealot x6, Observer, Sentry  
  109  13:32  Disruptor (Chrono Boost), Zealot  
  128  13:43  Disruptor (Chrono Boost)  
  128  13:44  Observer  
  131  13:53  Zealot x5  
  141  13:56  Shield Battery  
  141  14:01  Stalker x2  
  145  14:03  Stalker  
  145  14:15  Disruptor, Pylon  
  148  14:21  Nexus  
  148  14:23  Pylon  
  148  14:27  Observer  
  148  14:31  Pylon  
  148  14:43  Stalker x5  
  148  14:44  Stalker x3  
  162  14:46  Pylon  
  160  14:59  Disruptor  
  163  15:07  Zealot x6  
  163  15:09  Zealot x2  
  178  15:20  Protoss Shields Level 1, Pylon  
  178  15:22  Pylon  
  176  15:29  Zealot x2  
  176  15:32  Pylon  
  176  15:35  Disruptor x2  
  183  15:38  Zealot x4  
  151  16:01  Stalker x3  
  151  16:02  Stalker x2  
  161  16:11  Disruptor x2, Zealot x3  
  171  16:24  Probe x4 (Chrono Boost)  
  176  16:25  Stargate  
  176  16:28  Probe (Chrono Boost)  
  176  16:34  Probe (Chrono Boost)  
  180  16:53  Nexus  
  179  16:58  Stalker  
  179  16:59  Stalker x2  
  179  17:01  Zealot  
  176  17:02  Stalker  
  176  17:03  Stalker x3  
  163  17:21  Disruptor  
  155  17:23  Zealot x4  
  155  17:25  Probe  
  155  17:26  Probe x3  
  164  17:40  Zealot x2  
  164  17:41  Zealot x2  
  159  17:48  Zealot x4  
  123  17:59  Pylon  
  123  18:02  Zealot x4  
  123  18:04  Gateway x2  
  131  18:07  Gateway  
  131  18:08  Gateway  
Show
View Real Time Build Order
Export as new Build Order

iGCoffeeMs Terran 

Build Orders: Liberator Opening 

Get SALT Encoding   

  12  0:00  SCV  
  13  0:12  SCV  
  14  0:17  Supply Depot  
  14  0:24  SCV  
  15  0:39  SCV  
  15  0:40  Barracks  
  16  0:45  Refinery  
  16  0:51  SCV  
  16  0:56  Refinery  
  17  1:03  SCV  
  18  1:15  SCV  
  19  1:27  Reaper, Orbital Command  
  20  1:38  Bunker  
  20  1:45  Factory  
  20  1:54  SCV  
  21  1:59  Reaper  
  22  2:02  Supply Depot  
  22  2:09  SCV  
  23  2:24  SCV  
  24  2:35  Command Center  
  24  2:40  SCV  
  25  2:47  Starport  
  25  2:51  Widow Mine  
  27  2:54  SCV  
  28  2:59  Supply Depot  
  28  3:06  SCV  
  28  3:12  Widow Mine  
  31  3:21  SCV  
  31  3:26  Medivac  
  32  3:30  Barracks  
  32  3:33  SCV  
  35  3:34  Widow Mine  
  35  3:38  Barracks Reactor  
  35  3:45  SCV  
  35  3:47  Orbital Command  
  36  3:57  Liberator, SCV, Factory Tech Lab  
  40  4:07  Supply Depot  
  40  4:09  SCV  
  41  4:12  SCV  
  41  4:15  Marine x2  
  44  4:20  Barracks Tech Lab  
  44  4:21  SCV  
  44  4:23  Supply Depot  
  45  4:24  SCV  
  40  4:45  SCV  
  40  4:46  Marine x2  
  40  4:47  Siege Tank  
  40  4:50  SCV  
  40  4:52  Refinery  
  45  4:55  Bunker  
  45  4:56  Barracks  
  45  4:57  Supply Depot  
  45  4:58  SCV, Marine  
  47  5:00  Stimpack  
  47  5:04  SCV, Marine x2  
  50  5:10  SCV  
  50  5:12  Supply Depot  
  51  5:16  Marine  
  51  5:20  SCV  
  53  5:21  Marine  
  53  5:22  SCV, Marine  
  53  5:25  Siege Tank  
  58  5:29  Engineering Bay  
  58  5:30  Supply Depot  
  58  5:32  Starport Tech Lab  
  58  5:33  SCV  
  58  5:40  SCV  
  58  5:41  Marine x2  
  58  5:42  Marine  
  59  5:45  SCV  
  59  5:49  Supply Depot, Refinery  
  60  5:55  Combat Shield  
  60  5:57  SCV x2  
  62  5:59  Marine  
  62  6:01  Supply Depot  
  62  6:03  Marine  
  62  6:04  Marine x2  
  65  6:05  Starport Reactor  
  66  6:12  Supply Depot  
  66  6:13  Siege Tank  
  68  6:20  Barracks  
  68  6:21  Barracks  
  65  6:29  Marine x2  
  67  6:33  Marine x2  
  68  6:41  Terran Infantry Weapons Level 1  
  68  6:42  Supply Depot  
  68  6:46  Siege Tank  
  71  6:48  Marine x2  
  71  6:51  Marine x2  
  75  7:01  Medivac x2  
  79  7:02  Command Center  
  79  7:06  Concussive Shells  
  79  7:09  Marine x3  
  79  7:10  Marine  
  79  7:12  Marine  
  79  7:14  Marine  
  85  7:16  SCV  
  85  7:17  SCV  
  87  7:24  Siege Tank  
  90  7:30  Supply Depot  
  90  7:34  Marauder x2, Marine  
  90  7:36  Marine  
  96  7:49  Marine x2  
  96  7:52  Marine  
  96  7:54  Marine x2  
  96  7:55  Marine  
  96  7:56  Siege Tank  
  103  8:00  Medivac  
  103  8:01  Medivac  
  105  8:08  SCV  
  105  8:17  Orbital Command  
  105  8:18  SCV  
  103  8:20  SCV  
  103  8:26  Marine x3  
  105  8:35  Viking x2  
  105  8:36  SCV x2  
  105  8:40  Marauder  
  113  8:43  Orbital Command  
  113  8:48  SCV  
  113  8:49  SCV  
  113  8:53  Barracks Reactor, Barracks Tech Lab, Marine x2  
  113  8:55  Siege Tank  
  120  8:59  Terran Infantry Armor Level 1  
  120  9:00  Missile Turret  
  120  9:01  SCV  
  122  9:17  SCV x2  
  122  9:19  Marauder x2, Marine x3  
  125  9:26  SCV  
  125  9:29  SCV  
  127  9:38  Marauder  
  124  9:40  Marauder  
  124  9:41  Marine x2  
  124  9:42  Marine  
  124  9:43  Marine x2  
  124  9:44  SCV x3  
  134  9:46  Refinery  
  134  9:47  Refinery  
  129  9:54  Siege Tank  
  129  9:59  Marauder  
  131  10:01  Marauder  
  131  10:04  Marine x4  
  127  10:11  Marauder  
  127  10:14  SCV  
  118  10:21  Marauder  
  117  10:22  Marauder, Marine  
  117  10:23  Medivac  
  117  10:27  SCV x2  
  124  10:29  SCV  
  125  10:36  Marauder  
  125  10:37  Marine x3  
  125  10:39  SCV x2  
  125  10:41  SCV  
  124  10:52  Marauder x2  
  124  10:57  Marine x2  
  128  10:58  SCV x3  
  133  11:10  SCV  
  134  11:12  Marauder  
  134  11:14  Marauder, Marine x2  
  134  11:15  SCV  
  141  11:23  Marine  
  141  11:24  Marauder  
  111  11:37  Marauder, Marine x2  
  111  11:38  Siege Tank, Marine  
  111  11:39  Marine  
  108  11:40  SCV x2  
  108  11:41  Marine  
  112  11:48  SCV  
  112  11:49  Marauder  
  112  11:52  SCV x2  
  117  11:55  Marine x2  
  117  11:57  Marine x2  
  117  12:00  SCV  
  120  12:04  SCV x2  
  93  12:09  Marauder  
  93  12:12  Marine  
  93  12:13  Marine  
  93  12:14  SCV, Marine  
  86  12:16  SCV, Siege Tank  
  86  12:17  SCV  
  86  12:18  Medivac  
  86  12:19  Medivac  
  86  12:21  Ghost Academy, Marauder  
  95  12:31  Marine x2  
  97  12:37  Engineering Bay, Armory  
  97  12:40  Marauder x2, Marine x2  
  102  12:48  Siege Tank  
  104  12:53  Viking x2  
  104  12:57  Enhanced Shockwaves  
  108  12:59  Bunker  
  108  13:00  Supply Depot  
  108  13:04  SCV x3  
  111  13:08  Supply Depot  
  111  13:11  Marine x3  
  111  13:12  Marauder, Marine  
  117  13:16  SCV  
  118  13:20  Siege Tank  
  120  13:28  Viking x2  
  120  13:33  Ghost x3  
  128  13:37  Missile Turret, Marine x4  
  134  13:45  Terran Infantry Weapons Level 2  
  134  13:52  Terran Infantry Armor Level 2  
  134  13:55  Marine x4  
  136  14:02  SCV  
  134  14:03  SCV  
  134  14:05  Bunker, SCV  
  136  14:13  Siege Tank  
  143  14:18  Ghost x2  
  143  14:22  Ghost  
  145  14:25  Missile Turret  
  145  14:28  Marine x3  
  145  14:29  Missile Turret, Marine  
  148  14:35  Viking x2  
  151  14:41  Supply Depot  
  151  14:43  Supply Depot  
  151  14:50  Marine  
  151  14:51  Marauder x3, Marine x2  
  159  15:01  Siege Tank  
  159  15:05  Supply Depot  
  159  15:06  Supply Depot x2  
  162  15:11  Marine x3  
  161  15:22  Marauder  
  161  15:23  Marauder x2  
  161  15:24  Liberator x2  
  173  15:33  Sensor Tower  
  173  15:41  Command Center  
  172  15:48  Marine  
  172  15:49  Marauder, Marine  
  149  15:54  Marauder  
  149  15:55  Marine x3  
  144  15:59  SCV x3  
  147  16:05  Siege Tank  
  150  16:20  Marine x4  
  150  16:21  Marauder x2  
  158  16:35  Missile Turret  
  158  16:38  Sensor Tower  
  158  16:41  Marine x4  
  158  16:42  Missile Turret x2  
  162  16:52  Missile Turret  
  160  17:09  Marauder x2, Marine x3  
  157  17:21  Siege Tank  
  158  17:24  SCV x2  
  158  17:26  Marine x2  
  158  17:28  Orbital Command  
  162  17:30  Marine x2  
  162  17:32  Marauder  
  162  17:40  Marauder, Marine  
  130  17:53  Marauder x2, Marine  
  130  17:54  Marine  
  130  17:56  Marine  
  108  18:00  SCV  
Tags
 
Add a new tag
Caveats
  • Supply blocks, unpowered buildings, or Contaminate may cause inaccurate times.
  • Supply counts are checked every 10 seconds.